 Dungeon Crawl Stone Soup version 0.17.0-24-gcfadda4 (webtiles) character file.

109 McCoppin the Sneak (level 4, -2/28 HPs)
             Began as a Deep Elf Monk on Nov 17, 2015.
             Killed by divine providence
             ... invoked by an orc priest
              (10 damage)
             ... on level 4 of the Dungeon.
             The game lasted 00:09:55 (2927 turns).

McCoppin the Sneak (Deep Elf Monk)                  Turns: 2927, Time: 00:09:55

Health: -2/28      AC:  6    Str:  9    XL:     4   Next: 60%
Magic:  6/6        EV:  9    Int: 15    God:
Gold:   71         SH:  0    Dex: 17    Spells: 0 memorised, 3 levels left

rFire  . . .     SeeInvis .       - Unarmed
rCold  . . .     Clarity  .     e - +0 scale mail (curse)
rNeg   . . .     SustAt   .     (no shield)
rPois  .         Gourm    .     (no helmet)
rElec  .         Spirit   .     (no cloak)
rCorr  .         Warding  .     (no gloves)
rMut   .         Stasis   +     (no boots)
MR     .....                    j - amulet of stasis (curse)
Stlth  ++........               (no ring)
                                i - ring of teleportation (curse)

@: not resistant to hostile enchantments, unstealthy
A: no striking features
a: Evoke Teleportation


You were on level 4 of the Dungeon.
You were not hungry.

You visited 1 branch of the dungeon, and saw 4 of its levels.

You collected 71 gold pieces.

Inventory:

Armour
 a - a +0 robe
 e - a cursed +0 scale mail (worn)
 k - a +0 shield
Jewellery
 i - a cursed ring of teleportation (left hand)
 j - a cursed amulet of stasis (around neck)
Scrolls
 c - a scroll of amnesia {unknown}
 d - a scroll of fear {unknown}
 f - a scroll of teleportation {unknown}
 h - a scroll of remove curse {unknown}
Potions
 n - a potion of might {unknown}
Books
 g - a book of Dreams

   Spells                             Type                      Level
   a - Ensorcelled Hibernation        Hexes/Ice                    2
   b - Phase Shift                    Translocation                5
   c - Shadow Creatures               Summoning                    5
   d - Silence                        Hexes/Air                    5
   e - Darkness                       Hexes                        6
   f - Mass Confusion                 Hexes                        6
Comestibles
 b - a bread ration
 l - 3 fruits
 m - 2 meat rations


   Skills:
 + Level 3.5 Fighting
 - Level 3.6 Dodging
 + Level 4.8 Stealth
 - Level 3.2 Unarmed Combat


You had 3 spell levels left.
You didn't know any spells.

Dungeon Overview and Level Annotations

Branches:
Dungeon (4/15)
 Temple: D:4-7

Altars:

Shops:
D:4 (


Message History

Pain shoots through your body! The orc priest barely misses you.
You see here 2 stones.
You barely miss the orc priest.
The orc priest hits you but does no damage.
You closely miss the orc priest. The orc priest barely misses you.
You barely miss the orc priest.
The orc priest invokes the aid of Beogh against you.
Pain shoots through your body!
You closely miss the orc priest. The orc priest completely misses you.
The orc priest calls down the wrath of Beogh upon you.
Pain shoots through your body!
* * * LOW HITPOINT WARNING * * *
The orc priest looks braver for a moment.
Things that are here:
5 stones; a leather armour The orc priest calls down the wrath of Beogh upon you.
Something smites you!
You die...

#.##### #.# #.# #.#
####### #.#### #.#
#.....# #....####.#
#.###.########.#....#
#.###.#......#.#.#######
#.#...#.####.#.#........
#..........#...#..#.....
###.####.#)#.@.......###
#.# #.#.#o#.#.#..#8..
#.# #.#.o.#.#.##.# ..
#.####.#(#........# .
#.#.##.#.#.....#..##
#......#.(.#......'.
#######.####.##.##....#.
#...........(##(......#
#.#############.##.#..#


You could see 2 orc priests.

Vanquished Creatures
  An orc priest (D:3)
  3 adders (D:4)
  A worm (D:2)
  6 orcs
  11 bats
  7 hobgoblins
  3 giant cockroaches (D:2)
  A giant gecko (D:3)
  3 giant newts (D:1)
  3 goblins
  3 jackals (D:4)
  2 kobolds (D:1)
  4 rats
48 creatures vanquished.

Notes
Turn   | Place    | Note
--------------------------------------------------------------
     0 | D:1      | McCoppin the Deep Elf Monk began the quest for the Orb.
     0 | D:1      | Reached XP level 1. HP: 13/13 MP: 3/3
   498 | D:1      | Reached XP level 2. HP: 18/18 MP: 4/4
  1341 | D:2      | Reached XP level 3. HP: 22/22 MP: 5/5
  1542 | D:3      | Reached skill level 4 in Stealth
  1551 | D:3      | Reached XP level 4. HP: 28/28 MP: 6/6
  1931 | D:4      | Found Qiur's Antique Weapon Emporium.
  1931 | D:4      | Noticed a phantom
  2927 | D:4      | Killed from afar by an orc priest

Action                   |  1- 3 |  4- 6 || total
-------------------------+-------+-------++-------
Melee: Unarmed           |   144 |    74 ||   218
  Use: Potion            |     3 |     1 ||     4
 Stab: Sleeping          |    11 |       ||    11
       Distracted        |       |     1 ||     1
  Eat: Chunk             |     2 |     1 ||     3
       Bread ration      |       |     1 ||     1
